 Seeded DCSS version 0.30-a0-1157-g2cc9ac7196 (webtiles) character file.

Game seed: 10500318188560928690 (custom seed)

647555 Pimp the Pyromancer (level 27, -8/166 (181) HPs)
             Began as a Gargoyle Fire Elementalist on Apr 20, 2023.
             Was an Initiate of Gozag.
             Mangled by a searing wretch (18 damage)
             ... on level 1 of Gehenna on Apr 24, 2023.
             The game lasted 07:47:34 (99162 turns).

Pimp the Pyromancer (Gargoyle Fire Elementalist)   Turns: 99162, Time: 07:47:35

HP:   -8/166 (181)  AC: 40    Str: 20      XL:     27
MP:   48/48         EV: 17    Int: 33 (34) God:    Gozag
Gold: 10112         SH:  0    Dex: 11      Spells: 24/68 levels left

rFire   + + .        M - +8 frozen axe "Frostbite" {freeze, freezing cloud, *Noise Fly rC+}
rCold   . . .        (shield currently unavailable)
rNeg    + + .        h - +3 salamander hide armour {Flames, rFlCloud rF++ rC--}
rPois   ∞            J - +2 helmet
rElec   +            u - scarf {rC+ rF+}
rCorr   .            U - +2 pair of gloves
SInv    .            T - +3 pair of seven-league boots {Rampage+∞}
Will    +++..        A - amulet of Brawling {Rampage rN+ Regen+}
Stlth   +++          x - ring "Naoreff" {Will+ Str+3 Int+6}
HPRegen 1.27/turn    F - ring "Devegiej" {Wiz rElec Int+4 Stlth+}
MPRegen 0.31/turn

%: rampage+∞, wizardry (x1)
@: weakened, fire vulnerable, flying, studying 4 skills, drained, unable to read
A: sickness immunity, AC +20, big wings, negative energy resistance 1,
electricity resistance, torment resistance 1, petrification resistance, clever
1, clumsy 1, evolution 1
}: 4/15 runes: decaying, slimy, silver, gossamer
a: Renounce Religion, Potion Petition, Call Merchant, Bribe Branch


You were on level 1 of Gehenna.
You worshipped Gozag.
Gozag was extremely pleased with you.
You visited 13 branches of the dungeon, and saw 58 of its levels.
You visited 1 bazaar.
You visited 1 ziggurat, and saw 10 of its levels.
You also visited: Ice Cave.

You collected 33145 gold pieces.
You spent 8552 gold pieces at shops.
You paid 14481 gold pieces to Gozag.

Inventory:

Hand Weapons
 n - the +7 great mace "Firestarter" {flame, immolate, rFlCloud rF++}
   (You found it on level 3 of the Depths)

   rFlCloud:  It grants immunity to clouds of flame.
   rF:        It greatly protects you from fire.
 p - the +8 battleaxe "Xiuto" {flame, Str+4 Int+3}
   (You bought it in a shop on level 1 of the Depths)

   Str:       It affects your strength (+4).
   Int:       It affects your intelligence (+3).
 M - the +8 frozen axe "Frostbite" (weapon) {freeze, freezing cloud, *Noise Fly rC+}
   (You found it in an ice cave)

   rC:        It protects you from cold.
   Fly:       It grants you flight.
   *Noise:    It may make noises in combat.
Missiles
 R - a throwing net
Armour
 h - the +3 salamander hide armour (worn) {Flames, rFlCloud rF++ rC--}
   (You bought it in a shop on level 2 of the Orcish Mines)

   Flames:    It surrounds you with flame clouds and enhances your fire magic.
   rFlCloud:  It grants immunity to flame clouds.
   rF:        It greatly protects you from fire.
   rC:        It makes you very vulnerable to cold.
 j - +9 gold dragon scales
 u - a scarf of resistance (worn)
 J - a +2 helmet (worn)
 N - the +1 kite shield of Yweqaegh {rF+ rC+++ Int+6 Dex-3}
   (You acquired it on level 3 of the Elven Halls)

   Int:       It affects your intelligence (+6).
   Dex:       It affects your dexterity (-3).
   rF:        It protects you from fire.
   rC:        It renders you almost immune to cold.
 T - the +3 pair of seven-league boots (worn) {Rampage+∞}
   (You found it on level 2 of the Lair of Beasts)

   Rampage+∞: When moving toward enemies, its wearer moves as far as possible.
 U - a +2 pair of gloves (worn)
Magical Staves
 d - the staff of poison "Tiecylun" {rPois rC- rN++ rCorr MP+9 SInv}
   (You found it on level 3 of the Elven Halls)

   [staff of poison]

   Base accuracy: +5 Base damage: 5 Base attack delay: 1.2 This weapon's minimum
   attack delay (0.6) is reached at skill level 12.
   rC:        It makes you vulnerable to cold.
   rPois:     It protects you from poison.
   rN:        It greatly protects you from negative energy.
   MP:        It affects your magic capacity (+9).
   SInv:      It lets you see invisible.
   rCorr:     It protects you from acid and corrosion.
   It falls into the 'Staves' category.
   It is a one-handed weapon.
 e - a staff of fire
 g - the staff of conjuration "Hootzyiq" {Str+2}
   (You found it on level 3 of the Elven Halls)

   [staff of conjuration]

   Base accuracy: +5 Base damage: 5 Base attack delay: 1.2 This weapon's minimum
   attack delay (0.6) is reached at skill level 12.
   Str:       It affects your strength (+2).
   It falls into the 'Staves' category.
   It is a one-handed weapon.
Jewellery
 f - the ring "Jalaes" {rN++ MP-9 Dex+3 SInv}
   (You bought it in a shop on level 1 of the Depths)

   [ring of see invisible]

   Dex:       It affects your dexterity (+3).
   rN:        It greatly protects you from negative energy.
   MP:        It affects your magic capacity (-9).
   SInv:      It lets you see invisible.
 s - the ring of Jequdgho {EV+5 Str+3}
   (You found it on level 10 of the Dungeon)

   [ring of evasion]

   EV:        It affects your evasion (+5).
   Str:       It affects your strength (+3).
 x - the ring "Naoreff" (left hand) {Will+ Str+3 Int+6}
   (You found it on level 9 of the Dungeon)

   [ring of intelligence]

   Str:       It affects your strength (+3).
   Int:       It affects your intelligence (+6).
   Will:      It increases your willpower.
 y - the amulet "Ekhij" {Reflect Rampage Will+ Str-4 Int+4 SH+5}
   (You bought it in a shop in a bazaar)

   [amulet of reflection]

   It reflects blocked missile attacks.
   Str:       It affects your strength (-4).
   Int:       It affects your intelligence (+4).
   SH:        It affects your SH (+5).
   Rampage:   It bestows one free step when moving towards enemies.
   Will:      It increases your willpower.
 A - the amulet of Brawling (around neck) {Rampage rN+ Regen+}
   (You bought it in a shop on level 2 of the Orcish Mines)

   [amulet of regeneration]

   rN:        It protects you from negative energy.
   Regen:     It increases your rate of health regeneration.
   Rampage:   It bestows one free step when moving towards enemies.
 E - the ring "Ruotoips" {Ice rElec Will+}
   (You took it off a yaktaur captain on level 15 of the Dungeon)

   [ring of ice]

   It enhances your ice magic.
   rF:        It makes you vulnerable to fire.
   rC:        It protects you from cold.
   rElec:     It insulates you from electricity.
   Will:      It increases your willpower.
 F - the ring "Devegiej" (right hand) {Wiz rElec Int+4 Stlth+}
   (You bought it in a shop on level 1 of the Realm of Zot)

   [ring of wizardry]

   It improves your spell success rate.
   Int:       It affects your intelligence (+4).
   rElec:     It insulates you from electricity.
   Stlth:     It makes you more stealthy.
 G - the ring of Eternal Harmony {rElec Str-4 Int+3 Dex+6 SInv}
   (You found it on level 9 of a ziggurat)

   [ring of see invisible]

   Str:       It affects your strength (-4).
   Int:       It affects your intelligence (+3).
   Dex:       It affects your dexterity (+6).
   rElec:     It insulates you from electricity.
   SInv:      It lets you see invisible.
 X - the ring of Bemywnuo {Ice rN+ Int+5}
   (You found it on level 5 of the Pits of Slime)

   [ring of ice]

   It enhances your ice magic.
   Int:       It affects your intelligence (+5).
   rF:        It makes you vulnerable to fire.
   rC:        It protects you from cold.
   rN:        It protects you from negative energy.
 Y - the amulet of the Four Winds {rN+ Will+++ Clar}
   (You bought it in a shop in a bazaar)

   [amulet of nothing]

   rN:        It protects you from negative energy.
   Clar:      It protects you from confusion, rage, mesmerisation and fear.
   Will:      It greatly increases your willpower.
Wands
 i - a wand of mindburst (4)
 q - a wand of roots (92)
 t - a wand of flame (120)
 B - a wand of digging (41)
 D - a wand of paralysis (80) (quivered)
 H - a wand of polymorph (34)
 V - a wand of quicksilver (29)
Scrolls
 b - a scroll of amnesia
 c - 26 scrolls of teleportation
 l - 4 scrolls of blinking
 o - 3 scrolls of silence
 r - 43 scrolls of identify
 v - 4 scrolls of fog
 z - 8 scrolls of immolation
 C - 2 scrolls of poison
 I - a scroll of magic mapping
 Z - 12 scrolls of enchant weapon
Potions
 a - 8 potions of ambrosia
 k - 23 potions of curing
 m - 7 potions of brilliance
 w - 3 potions of berserk rage
 K - a potion of invisibility
 L - a potion of resistance
 P - 4 potions of cancellation
 Q - 2 potions of heal wounds
 S - 4 potions of might
 W - a potion of mutation


   Skills:
 - Level 20.9 Fighting
 - Level 17.3 Axes
 - Level 13.1 Armour
 - Level 13.8 Dodging
 - Level 4.3 Stealth
 - Level 13.4 Shields
 - Level 21.1 Spellcasting
 - Level 20.8 Conjurations
 - Level 22.1 Fire Magic
 - Level 9.9 Earth Magic
 * Level 9.9 Evocations


You had 24 spell levels left.
You knew the following spells:

 Your Spells              Type           Power      Damage    Failure   Level
a - Foxfire               Conj/Fire      100%       2x1d9     0%          1
b - Scorch                Fire           100%       2d9       0%          2
c - Flame Wave            Conj/Fire      100%       2d21      0%          4
d - Volatile Blastmotes   Fire/Tloc      100%       2d18      1%          3
e - Passwall              Tmut/Erth      50%        N/A       1%          2
f - Fireball              Conj/Fire      66%        3d25      0%          5
g - Starburst             Conj/Fire      66%        6d17      0%          6
h - Ignition              Fire           67%        3d18      1%          8
i - Orb of Destruction    Conj           53%        9d13      1%          7
j - Plasma Beam           Fire/Air       52%        2x1d73    1%          6

Your spell library contained the following spells:

 Spells                   Type           Power      Damage    Failure   Level
 Kiss of Death            Conj/Necr      100%       2d13      0%          1
 Sandblast                Erth           100%       2d20      0%          1
 Stone Arrow              Conj/Erth      100%       3d13      0%          3
 Sticky Flame             Conj/Fire      100%       2d11      0%          4
 Iskenderun's Battlesphe  Conj           100%       2d15      0%          5
 Apportation              Tloc           68%        N/A       1%          1
 Necrotise                Necr           100%       1d9       1%          1
 Sting                    Tmut/Pois      100%       1d8       1%          1
 Summon Small Mammal      Summ           100%       N/A       1%          1
 Ensorcelled Hibernation  Hex/Ice        68%        N/A       1%          2
 Poisonous Vapours        Pois/Air       68%        N/A       1%          2
 Call Canine Familiar     Summ           34%        N/A       1%          3
 Confusing Touch          Hex            34%        N/A       1%          3
 Dazzling Flash           Conj/Hex       100%       N/A       1%          3
 Gell's Gravitas          Tloc           34%        N/A       1%          3
 Hailstorm                Conj/Ice       80%        3d16      1%          3
 Ignite Poison            Fire/Tmut/Pois 90%        N/A       1%          3
 Inner Flame              Hex/Fire       100%       N/A       1%          3
 Mephitic Cloud           Conj/Pois/Air  69%        N/A       1%          3
 Spider Form              Tmut/Pois      34%        N/A       1%          3
 Summon Guardian Golem    Hex/Summ       34%        N/A       1%          3
 Swiftness                Air            34%        N/A       1%          3
 Teleport Other           Tloc           34%        N/A       1%          3
 Animate Armour           Summ/Erth      100%       N/A       1%          4
 Iskenderun's Mystic Bla  Conj/Tloc      80%        2d16      1%          4
 Leda's Liquefaction      Hex/Erth       30%        N/A       1%          4
 Borgnjor's Vile Clutch   Necr/Erth      30%        N/A       1%          5
 Freezing Cloud           Conj/Ice/Air   34%        6-21      1%          5
 Irradiate                Conj/Tmut      40%        3d25      1%          5
 Lee's Rapid Deconstruct  Erth           39%        3d19*     1%          5
 Conjure Ball Lightning   Conj/Air       40%        3x3d13    1%          6
 Iron Shot                Conj/Erth      47%        9d9       1%          6
 Airstrike                Air            17%        2d(3-19)  4%          4
 Cause Fear               Hex            17%        N/A       4%          4
 Dispel Undead            Necr           34%        3d15      4%          4
 Ice Form                 Ice/Tmut       34%        N/A       4%          4
 Olgreb's Toxic Radiance  Pois           34%        N/A       4%          4
 Passage of Golubria      Tloc           34%        N/A       4%          4
 Summon Ice Beast         Ice/Summ       34%        N/A       4%          4
 Summon Lightning Spire   Summ/Air       34%        N/A       4%          4
 Spellforged Servitor     Conj/Summ      40%        N/A       4%          7
 Lehudib's Crystal Spear  Conj/Erth      47%        10d11     4%          8
 Alistair's Intoxication  Tmut/Pois      22%        N/A       12%         5
 Blade Hands              Tmut           17%        N/A       12%         5
 Silence                  Hex/Air        17%        N/A       12%         5
 Summon Mana Viper        Hex/Summ       34%        N/A       12%         5
 Yara's Violent Unravell  Hex/Tmut       17%        3d8       12%         5
 Death Channel            Necr           17%        N/A       50%         6
 Dispersal                Tloc           17%        N/A       50%         6
 Eringya's Noxious Bog    Tmut/Pois      17%        N/A       50%         6
 Dragon Form              Tmut           17%        N/A       96%         7
 Enfeeble                 Hex            17%        N/A       96%         7
 Haunt                    Necr/Summ      17%        N/A       96%         7
 Monstrous Menagerie      Summ           17%        N/A       96%         7
 Chain Lightning          Conj/Air       40%        3d53      99%         9
 Borgnjor's Revivificati  Necr           17%        N/A       100%        8
 Discord                  Hex            17%        N/A       100%        8
 Disjunction              Tloc           17%        N/A       100%        8
 Infestation              Necr           17%        N/A       100%        8
 Maxwell's Capacitive Co  Air            17%        ∞         100%        8
 Necromutation            Tmut/Necr      17%        N/A       100%        8
 Death's Door             Necr           17%        N/A       100%        9
 Dragon's Call            Summ           17%        N/A       100%        9
 Cigotuvi's Dreadful Rot  Necr/Pois/Air  Unusable   N/A       N/A         2
 Animate Dead             Necr           Unusable   N/A       N/A         4
 Statue Form              Tmut/Erth      Unusable   N/A       N/A         6
 Simulacrum               Ice/Necr       Unusable   N/A       N/A         6

Dungeon Overview and Level Annotations

Branches:
Dungeon (15/15)            Temple (0/1) D:5            Lair (5/5) D:9
  Swamp (4/4) Lair:3       Spider (4/4) Lair:3        Slime (5/5) Lair:5
    Orc (2/2) D:9             Elf (3/3) Orc:2        Vaults (5/5) D:14
  Crypt (0/3) Vaults:2     Depths (4/4) D:15           Hell (visited)
    Dis (0/7) Hell            Geh (1/7) Hell            Coc (6/7) Hell
    Tar (0/7) Hell            Zot (3/5) Depths:4      IceCv (visited)

Altars:
Ashenzari
Dithmenos
Elyvilon
Gozag
Hepliaklqana
Kikubaaqudgha
Makhleb
Okawaru
Sif Muna
Uskayaw
Xom
Yredelemnul
Zin
The Shining One
Jiyva

Shops:
D:1 [   D:8 !   D:13 *   Orc:2 [**=   Elf:3 (   Vaults:1 (   Zot:1 *   Zot:2 :
Depths:1 ***[[*::   Depths:4 *=:

Portals:
Hell: Depths:1 Depths:2 Depths:3 Depths:4
Abyss: Depths:3
Pandemonium: Depths:2
Trove: D:12 (give +8 demon whip)

Annotations:
D:5 3 runed translucent doors, omnomnOMINOUS's ghost, amateur OpWn
D:10 2 transporters
Spider:2 Roxanne
Zot:2 1 runed translucent door, Wysooluir's ghost, veteran OgBe


Innate Abilities, Weirdness & Mutations

You are immune to sickness and miasma.
Your stone body is resilient. (AC +20)
You are immune to poison.
Your large and strong wings let you fly.
You resist negative energy. (rN+)
You are resistant to electric shocks. (rElec)
You are resistant to unholy torment.
You are immune to petrification.
Your mind is acute. (Int +4, Str/Dex -1)
You are clumsy. (Dex -2)
You have hidden genetic potential.


Message History

The searing wretch bites you.
You slash the searing wretch! You freeze the searing wretch.
The searing wretch is almost destroyed.
The searing wretch claws you but does no damage.
The searing wretch claws you.
Your fire resistance is stripped away!
The searing wretch bites you but does no damage.
You hit the searing wretch.
The searing wretch is almost destroyed.
The searing wretch claws you!
You are engulfed in flames!
You resist.
* * * LOW HITPOINT WARNING * * *
The searing wretch claws you but does no damage.
The searing wretch bites you but does no damage.
You hit the searing wretch. You freeze the searing wretch.
The searing wretch is almost destroyed.
The searing wretch claws you!!
* * * LOW HITPOINT WARNING * * *
You are engulfed in flames!
You resist.
* * * LOW HITPOINT WARNING * * *
The searing wretch misses you.
The searing wretch bites you but does no damage.
You feel much better. The searing wretch claws you!
* * * LOW HITPOINT WARNING * * *
You are engulfed in flames!
You resist.
* * * LOW HITPOINT WARNING * * *
The searing wretch claws you.
* * * LOW HITPOINT WARNING * * *
The searing wretch bites you but does no damage.
Okay, then.
Okay, then.
You hit the searing wretch but do no damage.
The searing wretch is almost destroyed.
The searing wretch claws you but does no damage.
The searing wretch claws you!
* * * LOW HITPOINT WARNING * * *
The searing wretch barely misses you.
You slash the searing wretch! You freeze the searing wretch.
The searing wretch is almost destroyed.
The searing wretch claws you!!
You die...
Your body crumbles into a pile of gold.

+# ... ##+###
.... ###..≈≈##
.....####....≈≈§#
....§§$#○°°...§§#
.....§§.○@n∩.§≈§#
..##§≈##§###.§≈≈#
## #.# §§§§# ...
..≈§# ##.## ...≈#
### §.≈≈# v.≈≈#
..≈≈#


You could see a searing wretch.

Vanquished Creatures
  the Royal Jelly (Slime:5)
  2 dread liches
  2 orbs of fire
  2 ancient liches
  A juggernaut (Depths:1)
  Parghit (Zot:2)
  Frederick (Vaults:4)
  Saint Roka (Depths:2)
  the Lernaean hydra (Swamp:4)
  Geryon (Hell)
  10 golden dragons
  Arachne (Spider:4)
  An iron giant (Zig:8)
  An electric golem (Zot:1)
  2 Ice Fiends
  A hellephant (Depths:3)
  Rupert (D:13)
  20 tentacled monstrosities
  Mlioglotl (Spider:1)
  2 liches
  A tainted leviathan (Hell)
  2 quicksilver dragons
  2 deep elf blademasters (Elf:3)
  8 titans
  2 deep elf master archers (Elf:3)
  Asterion (Elf:1)
  2 ancient champions
  6 sphinxes
  14 acid blobs
  5 death cobs
  8 shadow dragons
  A thorn hunter (Swamp:2)
  Frances (Swamp:1)
  Donald (Swamp:3)
  10 azure jellies
  A fenstrider witch (Swamp:3)
  6 draconian monks
  8 tengu reavers
  7 rockslimes
  18 storm dragons
  11 fire giants
  8 narguns
  12 draconian knights
  3 nagarajas
  3 deep elf sorcerers
  12 draconian scorchers
  18 vault wardens
  3 emperor scorpions
  10 frost giants
  A quicksilver elemental (Zig:8)
  4 iron dragons
  Louise (Elf:1)
  10 shard shrike simulacra
  A juggernaut zombie (D:15)
  11 ghost moths
  4 balrugs
  10 draconian shifters
  7 draconian stormcallers
  An angel (Depths:2)
  4 draconian annihilators
  5 deep elf elementalists (Elf:3)
  3 orc warlords
  34 very ugly things
  2 reapers (Hell)
  A caustic shrike skeleton (D:15)
  11 stone giants
  11 quicksilver oozes
  A demonspawn blood saint (Zig:7)
  24 ironbound preservers
  2 broodmothers
  4 war gargoyles
  6 ironbound thunderhulks
  3 spriggan defenders
  11 green draconians
  4 elemental wellsprings
  9 deep elf annihilators
  5 eleionomae
  2 vampire knights
  18 dire elephants
  Azrael (D:13)
  6 deep elf demonologists
  14 bunyips
  15 black draconians
  4 putrid mouths (Hell)
  10 white draconians
  17 yellow draconians
  9 wendigos
  11 purple draconians
  10 red draconians
  25 spark wasps
  10 ettins
  2 crystal guardians
  2 merfolk impalers (Depths:1)
  12 deep elf death magi
  3 blizzard demons (Hell)
  Josephine (Lair:4)
  10 fire dragons
  4 merfolk javelineers
  A kraken zombie (Hell)
  The ghost of BlueFish the Covert, a journeyman OpWr of Jiyva (Lair:3)
  8 entropy weavers
  9 deep elf high priests
  23 yaktaur captains
  5 salamander tyrants
  17 hydras
  2 rakshasas
  19 great orbs of eyes
  2 peacekeepers
  3 hell beasts (Depths:2)
  5 radroaches
  4 ogre magi
  8 ice dragons
  7 jorogumos
  A catoblepas (D:13)
  37 vault guards
  2 ghost crabs (Swamp:2)
  A hydra (shapeshifter) (Depths:4)
  7 caustic shrike simulacra
  6 ironbound frosthearts
  4 centaur warriors
  6 juggernaut simulacra
  11 alligators
  3 deep troll shamans
  13 two-headed ogres
  8 hell hogs
  A merfolk aquamancer (Zig:6)
  8 boulder beetles
  2 death knights (D:14)
  4 spriggan air magi
  9 tengu warriors
  A death yak (shapeshifter) (Vaults:4)
  5 deep troll earth magi
  A death yak (Lair:5)
  3 naga warriors (Zig:9)
  2 vampire magi (Depths:1)
  28 dancing weapons
  A titan zombie (D:15)
  2 orc high priests
  A shock serpent (Zig:9)
  9 spriggan berserkers
  Sonja (D:11)
  4 soul eaters
  21 deep elf knights
  10 hell knights
  2 skysharks (Lair:5)
  Nergalle (D:11)
  8 sun demons
  3 spark wasp zombies
  A spectral death yak (Lair:5)
  A death drake (Swamp:2)
  2 salamander mystics
  A shadow wraith (Vaults:5)
  5 skeletal warriors
  10 swamp dragons
  2 iron trolls
  4 goliath frogs
  A flayed ghost (D:15)
  6 pharaoh ants
  5 spriggan druids
  An obsidian statue (Lair:5)
  3 sun moths
  A sea snake (shapeshifter) (Vaults:5)
  6 glowing orange brains
  79 deep trolls
  13 orb spiders
  8 wizards
  5 quicksilver dragon simulacra
  A fenstrider witch simulacrum (Coc:1)
  11 deep elf archers
  A spectral anaconda (Lair:5)
  A spriggan simulacrum (Coc:4)
  12 lindwurms
  15 bog bodies
  6 steelbarb worms
  14 orc knights
  24 deep elf pyromancers
  15 ironbound convokers
  6 phantasmal warriors
  A harpy (shapeshifter) (Vaults:4)
  17 deep elf zephyrmancers
  13 orc sorcerers
  3 harpies (Zig:6)
  13 necromancers
  55 ugly things
  4 manticores
  29 wolf spiders
  5 shining eyes
  3 will-o-the-wisps
  A frost giant zombie (Depths:3)
  2 cyclopes (D:12)
  5 salamanders
  A moth of wrath (shapeshifter) (Depths:4)
  12 vault sentinels
  A naga mage (Zig:9)
  16 elephants (Lair:5)
  A rust devil (Depths:2)
  24 moths of wrath
  23 eyes of devastation
  2 ice statues (IceCv)
  7 black mambas
  9 demonic crawlers
  6 cane toads
  3 smoke demons
  2 guardian serpents
  6 titan simulacra
  4 molten gargoyles
  9 torpor snails
  3 storm dragon simulacra (Coc:1)
  2 rime drakes (Lair:2)
  9 freezing wraiths
  32 yaktaurs
  3 unseen horrors
  A kobold demonologist (D:10)
  A hellion (Coc:4)
  2 unseen horrors (shapeshifter)
  7 anaconda simulacra
  6 komodo dragons
  A golden dragon simulacrum (Coc:2)
  4 bunyip simulacra (Coc:1)
  3 ice devils (IceCv)
  4 tengu conjurers
  5 tormentors
  A sea snake skeleton (Hell)
  7 trolls
  2 queen bees (shapeshifter)
  2 bloated husks
  9 merfolk (Zig:6)
  A shadow dragon simulacrum (Coc:2)
  33 tarantellas
  An ettin zombie (D:15)
  16 hornets
  35 blink frogs
  12 tyrant leeches
  7 dream sheep (Lair:5)
  5 iron dragon simulacra
  2 alligator zombies (Hell)
  2 hydra skeletons (Hell)
  68 slime creatures
  A jumping spider (shapeshifter) (D:15)
  A snapping turtle (Zig:6)
  18 spriggans
  3 shadows
  An air elemental (Elf:1)
  55 jumping spiders
  2 vampires (D:12)
  Sigmund (D:3)
  7 wyverns
  15 water elementals
  51 yaks
  16 humans (D:14)
  5 fire elementals
  6 wraiths
  9 golden eyes
  A human (shapeshifter) (D:15)
  5 dire elephant simulacra
  3 steam dragons
  25 culicivoras
  A redback (shapeshifter) (Vaults:5)
  An alligator snapping turtle simulacrum (Coc:3)
  3 basilisks
  8 vampire mosquitoes
  74 redbacks
  A sea snake simulacrum (Hell)
  A death yak simulacrum (Lair:5)
  12 wargs
  A glowing shapeshifter zombie (Depths:3)
  19 harpy simulacra
  2 swamp worms (shapeshifter) (Vaults:5)
  2 acid dragons (D:11)
  3 hydra simulacra
  5 hell hounds (D:13)
  10 swamp worms
  11 water moccasins
  A floating eye (Depths:1)
  3 ice beasts
  7 swamp drakes (Swamp:4)
  A black bear (D:5)
  27 orc warriors
  An elephant zombie (Lair:5)
  6 ettin simulacra
  2 elephant skeletons (Lair:5)
  9 ogres
  16 wolves
  5 boggarts (Vaults:2)
  7 centaurs
  A phantom (D:7)
  A kobold brigand (D:7)
  9 bullfrogs
  A bullfrog (shapeshifter) (Vaults:5)
  3 necrophages (Lair:4)
  2 earth elementals (Elf:1)
  6 scorpions
  A gnoll sergeant (D:12)
  A cane toad simulacrum (Lair:5)
  20 wights
  5 killer bees
  A swamp dragon simulacrum (Coc:1)
  2 elephant simulacra
  12 electric eels
  2 howler monkeys (D:11)
  6 crimson imps (D:7)
  4 hounds
  2 jellies
  14 orc priests
  3 gnoll boudas
  43 orc wizards
  4 iguanas
  A troll simulacrum (IceCv)
  5 adders
  19 gnolls
  2 naga simulacra (IceCv)
  A shadow imp (D:7)
  2 white imps
  An ufetubus (D:5)
  4 worms
  2 dart slugs
  97 orcs
  2 ball pythons
  3 endoplasms
  7 giant cockroaches
  2 goblins (D:2)
  7 hobgoblins
  4 jackals (D:3)
  5 quokkas
  3 bats
  4 frilled lizards
  16 kobolds
  2 rats
  2 rat zombies (D:3)
  7 briar patches (Swamp:2)
  10 bushes
  A spectral weapon (Elf:1)
  4 tentacles (Hell)
2596 creatures vanquished.

Vanquished Creatures (collateral kills)
  An ancient lich (Vaults:5)
  A golden dragon (Vaults:5)
  A titan (Vaults:5)
  A fire giant (Vaults:5)
  2 vault guards (Vaults:5)
6 creatures vanquished.

Vanquished Creatures (others)
  A shard shrike simulacrum (Coc:1)
  A war gargoyle (Vaults:5)
  A deep elf demonologist (Vaults:5)
  A draconian annihilator (Zot:1)
  2 vault guards (Vaults:5)
  A juggernaut simulacrum (Coc:2)
  4 caustic shrike simulacra
  2 deep elf knights
  An ironbound convoker (Vaults:5)
  A titan simulacrum (Coc:1)
  A freezing wraith (Vaults:5)
  An iron giant simulacrum (Coc:6)
  A tarantella (Spider:3)
  An iron dragon simulacrum (Coc:1)
  A redback (Spider:4)
  3 harpy simulacra
  2 naga simulacra
  A wight (D:8)
  A crimson imp (D:7)
  An orc wizard (Orc:2)
  An orc (Orc:2)
  599 foxfires
  108 fungi
  250 plants
  36 withered plants
1022 creatures vanquished.

Grand Total: 3624 creatures vanquished

Notes
Turn   | Place    | Note
-------+----------+-------------------------------------------
     0 | D:1      | Pimp the Gargoyle Fire Elementalist began the quest for the
                  | Orb.
     0 | D:1      | Reached XP level 1. HP: 10/10 MP: 3/3
   202 | D:1      | Reached XP level 2. HP: 15/15 MP: 0/5
   541 | D:1      | Found a faded altar of an unknown god.
   679 | D:1      | Found Deass's Antique Armour Boutique.
   837 | D:2      | Reached XP level 3. HP: 19/19 MP: 4/6
  1455 | D:3      | Reached XP level 4. HP: 23/24 MP: 3/7
  1725 | D:3      | Learned a level 2 spell: Scorch
  2037 | D:3      | Found a glowing silver altar of Zin.
  2245 | D:3      | Noticed Sigmund
  2250 | D:3      | Killed Sigmund
  2251 | D:3      | Reached XP level 5. HP: 28/28 MP: 3/9
  2251 | D:3      | Reached XP level 6. HP: 32/32 MP: 3/10
  2466 | D:3      | Reached skill level 4 in Fire Magic
  3075 | D:3      | Found an ancient bone altar of Kikubaaqudgha.
  3323 | D:4      | Reached XP level 7. HP: 28/36 MP: 1/12
  3410 | D:4      | Learned a level 4 spell: Flame Wave
  4230 | D:5      | Entered Level 5 of the Dungeon
  4284 | D:5      | Reached skill level 1 in Fighting
  4284 | D:5      | Reached skill level 1 in Armour
  4694 | D:5      | Found a staircase to the Ecumenical Temple.
  4776 | D:5      | Found a runed translucent gate.
  4777 | D:5      | Found a runed translucent gate.
  4777 | D:5      | Identified the +7 dagger "Moca Sug" {flame, rN+ Int+3}
  4777 | D:5      | Identified the +3 leather armour of Hubris {Harm MP-9
                  | Str+4}
  4778 | D:5      | Found a runed translucent gate.
  4780 | D:5      | Noticed omnomnOMINOUS's ghost (amateur OpWn)
  4824 | D:5      | Reached skill level 5 in Fire Magic
  4918 | D:5      | Found a hazy altar of Hepliaklqana.
  5007 | D:5      | Reached XP level 8. HP: 38/44 MP: 10/13
  5033 | D:5      | Found an iron altar of Okawaru.
  5089 | D:5      | Found a glowing golden altar of the Shining One.
  5207 | D:5      | Found a burning altar of Makhleb.
  5207 | D:5      | Noticed a cacodemon
  6314 | D:6      | Reached skill level 6 in Fire Magic
  6745 | D:7      | Reached skill level 5 in Conjurations
  6745 | D:7      | Reached XP level 9. HP: 40/50 MP: 10/15
  7416 | D:7      | Found a shadowy altar of Dithmenos.
  7683 | D:7      | Reached skill level 7 in Fire Magic
  7857 | D:8      | Reached skill level 5 in Spellcasting
  7857 | D:8      | Found a shimmering altar of Xom.
  7951 | D:8      | Found Voipron's Distillery.
  8241 | D:8      | Found a broken altar of Ashenzari.
  8380 | D:8      | Reached XP level 10. HP: 58/58 MP: 6/17
  8456 | D:8      | Found an opulent altar of Gozag.
  8563 | D:8      | Gained mutation: Your spells are a little harder to cast,
                  | but a little more powerful. [potion of mutation]
  8563 | D:8      | Gained mutation: You have hidden genetic defects. [potion
                  | of mutation]
  8563 | D:8      | Gained mutation: You have sharp toenails. [potion of
                  | mutation]
  8585 | D:8      | Lost mutation: You have hidden genetic defects. [potion of
                  | mutation]
  8585 | D:8      | Lost mutation: Your spells are a little harder to cast, but
                  | a little more powerful. [potion of mutation]
  8585 | D:8      | Gained mutation: Your spells are a little harder to cast,
                  | but a little more powerful. [potion of mutation]
  8585 | D:8      | Gained mutation: You possess an exceptional clarity of
                  | mind. [potion of mutation]
  8585 | D:8      | Gained mutation: Your spells are harder to cast, but more
                  | powerful. [potion of mutation]
  9093 | D:8      | Bought a potion of flight for 39 gold pieces
  9131 | D:8      | Became a worshipper of Gozag Ym Sagoz the Greedy
  9181 | D:9      | Noticed a two-headed ogre
  9186 | D:8      | Reached skill level 8 in Fire Magic
  9225 | D:8      | Killed a two-headed ogre
  9226 | D:8      | Reached skill level 5 in Fighting
  9226 | D:8      | Reached skill level 5 in Armour
  9226 | D:8      | Reached skill level 5 in Dodging
  9558 | D:9      | Found a shimmering blue altar of Sif Muna.
  9586 | D:9      | Found a staircase to the Orcish Mines.
  9590 | D:9      | Identified the ring "Naoreff" {Will+ Str+3 Int+6}
  9749 | D:9      | Found a white marble altar of Elyvilon.
 10028 | D:8      | Reached skill level 9 in Fire Magic
 10288 | D:8      | Reached XP level 11. HP: 30/64 MP: 0/20
 10657 | D:9      | Found a staircase to the Lair.
 11601 | D:10     | Entered Level 10 of the Dungeon
 11845 | D:10     | Noticed a brown ugly thing
 11848 | D:10     | Noticed a deep elf pyromancer
 11849 | D:10     | Noticed a boulder beetle
 11850 | D:10     | Noticed a boulder beetle
 11850 | D:10     | Noticed a yaktaur captain
 11851 | D:10     | Noticed an orc knight
 11852 | D:10     | Found a transporter.
 11853 | D:10     | Found a transporter.
 11887 | D:10     | Identified the ring of Jequdgho {EV+5 Str+3}
 12442 | Orc:1    | Entered Level 1 of the Orcish Mines
 12768 | Orc:1    | Reached skill level 10 in Fire Magic
 13030 | Orc:2    | Entered Level 2 of the Orcish Mines
 14099 | Orc:2    | Noticed an orc knight
 14105 | Orc:2    | Found a staircase to the Elven Halls.
 14267 | Orc:1    | Killed an orc knight
 14550 | Orc:1    | Noticed an orc high priest
 14792 | Orc:2    | Noticed an orc sorcerer
 14940 | Orc:1    | Killed an orc sorcerer
 14941 | Orc:1    | Reached XP level 12. HP: 48/72 MP: 12/22
 15699 | Orc:2    | Noticed a soul eater
 15914 | Orc:2    | Found Bunog's General Store.
 15914 | Orc:2    | Found Dirioshro's Jewellery Emporium.
 15967 | Orc:2    | Paralysed by an orc sorcerer for 2 turns
 16616 | Orc:1    | Reached skill level 11 in Fire Magic
 16879 | Orc:1    | Killed an orc high priest
 17036 | Orc:2    | Gained mutation: You are clumsy. (Dex -2) [a neqoxec]
 17527 | Orc:2    | Found Iqin's General Store.
 17527 | Orc:2    | Found Woill's Weapon Boutique.
 17651 | Orc:2    | Found Haeluqoo's Armour Emporium.
 17658 | Orc:2    | Bought the +3 salamander hide armour {Flames, rFlCloud rF++
                  | rC--} for 586 gold pieces
 17658 | Orc:2    | Found the +3 salamander hide armour {Flames, rFlCloud rF++
                  | rC--}
 17838 | Orc:2    | Bought the amulet of Brawling {Rampage rN+ Regen+} for 576
                  | gold pieces
 18107 | D:10     | a culicivora changed into an entropy weaver
 18107 | D:10     | Noticed an entropy weaver (shapeshifter)
 18133 | D:10     | Noticed a two-headed ogre
 18138 | D:10     | Killed a two-headed ogre
 18474 | D:10     | Noticed an anaconda
 18482 | D:10     | an anaconda changed into a deep troll
 18529 | D:11     | Noticed a two-headed ogre
 18538 | D:11     | Killed a two-headed ogre
 18607 | D:11     | Noticed an ogre mage
 18613 | D:11     | Killed an ogre mage
 18744 | D:11     | Noticed Nergalle
 18753 | D:11     | Noticed Sonja
 18760 | D:11     | Killed Nergalle
 18763 | D:11     | Killed Sonja
 18764 | D:11     | Reached XP level 13. HP: 78/79 MP: 16/25
 19474 | D:12     | Found a portal to a secret trove of treasure.
 19529 | D:12     | Found a frozen archway.
 19543 | IceCv    | Entered an ice cave
 19577 | IceCv    | Reached skill level 12 in Fire Magic
 19879 | IceCv    | Found the +8 frozen axe "Frostbite" {freeze, freezing
                  | cloud, *Noise Fly rC+}
 20784 | D:13     | You fall into a shaft and drop 2 floors!
 20784 | D:15     | Entered Level 15 of the Dungeon
 20831 | D:15     | Noticed a storm dragon
 20832 | D:15     | Noticed a sphinx
 20834 | D:15     | Noticed a storm dragon
 20883 | D:15     | Killed a storm dragon
 20896 | D:15     | Killed a storm dragon
 20897 | D:15     | Reached skill level 10 in Conjurations
 20911 | D:15     | Killed a sphinx
 20954 | D:14     | Found a gate to the Vaults.
 20961 | D:14     | Reached skill level 13 in Fire Magic
 20963 | D:14     | Gained mutation: Your large and strong wings let you fly.
                  | [Gargoyle growth]
 20963 | D:14     | Reached XP level 14. HP: 10/86 MP: 12/26
 21145 | D:14     | Learned a level 3 spell: Volatile Blastmotes
 21250 | D:13     | Found Pegrupli's Overcharged Wands.
 21321 | D:13     | Reached skill level 1 in Shields
 21611 | D:13     | Noticed Azrael
 21750 | D:13     | Reached skill level 1 in Axes
 21873 | Lair:1   | Entered Level 1 of the Lair of Beasts
 22785 | Lair:2   | Reached skill level 5 in Axes
 22789 | Lair:2   | Identified the +4 long sword "Pireok" {freeze, rC+ Dex+3
                  | Stlth+}
 22918 | Lair:2   | Found the +3 pair of seven-league boots {Rampage+∞}
 23982 | Lair:3   | Found a runed translucent gate.
 23982 | Lair:3   | Found a runed translucent gate.
 23982 | Lair:3   | Found a runed translucent gate.
 23985 | Lair:3   | Noticed BlueFish's ghost (journeyman OpWr)
 24019 | Lair:3   | Killed BlueFish's ghost
 24132 | Lair:3   | Found a hole to the Spider Nest.
 24393 | Lair:3   | Found a staircase to the Swamp.
 24943 | Lair:4   | Identified the +2 dagger "Impslayer" {freeze, rPois Str+2}
 25013 | Lair:4   | Noticed Josephine
 25024 | Lair:4   | Killed Josephine
 25025 | Lair:4   | Reached XP level 15. HP: 92/92 MP: 18/28
 25047 | Lair:4   | Upgraded the game from 0.30-a0-1114-gd936c97349 to
                  | 0.30-a0-1116-gebefce21f7
 25059 | Lair:4   | Learned a level 2 spell: Passwall
 25489 | Lair:4   | Reached skill level 1 in Earth Magic
 25715 | Lair:5   | Entered Level 5 of the Lair of Beasts
 25772 | Lair:5   | Reached skill level 10 in Fighting
 26005 | Lair:5   | Identified the +0 trident "Diodaruv" {freeze, rN+ Will+}
 26146 | Lair:5   | Reached skill level 10 in Axes
 26947 | Lair:5   | Reached skill level 5 in Earth Magic
 26957 | Lair:5   | Identified the +1 arbalest of Pestilence {penet, Drain
                  | Int+5 Dex+8 Stlth-}
 27097 | Lair:5   | Learned a level 5 spell: Fireball
 27104 | Lair:5   | Learned a level 6 spell: Starburst
 27289 | Lair:5   | Found a viscous altar of Jiyva.
 27290 | Lair:5   | Found a staircase to the Slime Pits.
 28339 | Orc:2    | Bought a potion of resistance for 140 gold pieces
 28524 | Swamp:1  | Entered Level 1 of the Swamp
 29101 | Swamp:1  | Reached XP level 16. HP: 99/100 MP: 29/29
 29111 | Swamp:1  | Noticed Frances
 29118 | Swamp:1  | Killed Frances
 29526 | Swamp:2  | Reached skill level 14 in Fire Magic
 30118 | Swamp:2  | Noticed a thorn hunter
 30136 | Swamp:2  | Killed a thorn hunter
 31194 | Swamp:3  | Noticed Donald
 31272 | Swamp:3  | Killed Donald
 31774 | Swamp:4  | Entered Level 4 of the Swamp
 31837 | Swamp:4  | Noticed a fenstrider witch
 31964 | Swamp:4  | Paralysed by a fenstrider witch for 4 turns
 31965 | Swamp:4  | Reached skill level 5 in Shields
 31970 | Swamp:3  | Killed a fenstrider witch
 32141 | Swamp:4  | Reached XP level 17. HP: 104/108 MP: 3/30
 32858 | Swamp:4  | Noticed the 27-headed Lernaean hydra
 32920 | Swamp:4  | Killed the 27-headed Lernaean hydra
 32973 | Swamp:4  | Got a decaying rune of Zot
 32975 | Swamp:4  | Identified the orb of the Salamander {guile, rN+ Str-4
                  | Int+2 Dex+3}
 33653 | Spider:1 | Entered Level 1 of the Spider Nest
 33793 | Lair:3   | Reached skill level 10 in Shields
 34155 | Spider:1 | Noticed Mlioglotl
 34173 | Spider:1 | Killed Mlioglotl
 34876 | Spider:2 | Identified Roxanne's Dissertation on the Lithosphere
 34876 | Spider:2 | Noticed Roxanne
 34895 | Spider:2 | Reached skill level 15 in Fire Magic
 35065 | Spider:2 | Gained mutation: You are weak. (Str -2) [mutagenic glow]
 35847 | Spider:2 | You are sucked into a shaft and drop 1 floor!
 35889 | Spider:3 | Reached XP level 18. HP: 116/116 MP: 21/31
 37678 | Spider:3 | Lost mutation: You have sharp toenails. [potion of
                  | mutation]
 37678 | Spider:3 | Lost mutation: You are clumsy. (Dex -2) [potion of
                  | mutation]
 37678 | Spider:3 | Gained mutation: You do not regenerate when monsters are
                  | visible. [potion of mutation]
 37678 | Spider:3 | Gained mutation: Your magical capacity is low. (-10% MP)
                  | [potion of mutation]
 37679 | Spider:3 | Lost mutation: Your spells are harder to cast, but more
                  | powerful. [potion of mutation]
 37679 | Spider:3 | Lost mutation: You possess an exceptional clarity of mind.
                  | [potion of mutation]
 37679 | Spider:3 | Lost mutation: You are weak. (Str -2) [potion of mutation]
 37679 | Spider:3 | Gained mutation: You are partially covered in iridescent
                  | scales. (AC +2) [potion of mutation]
 37679 | Spider:3 | Gained mutation: You are clumsy. (Dex -2) [potion of
                  | mutation]
 38051 | Spider:3 | Reached skill level 10 in Spellcasting
 38579 | D:8      | Bought a potion of heal wounds for 65 gold pieces
 38579 | D:8      | Bought 2 potions of might for 104 gold pieces
 38579 | D:8      | Bought a potion of haste for 130 gold pieces
 38579 | D:8      | Bought a potion of heal wounds for 65 gold pieces
 38579 | D:8      | Bought a potion of resistance for 130 gold pieces
 38579 | D:8      | Bought 2 potions of mutation for 208 gold pieces
 38579 | D:8      | Bought a potion of curing for 39 gold pieces
 38579 | D:8      | Lost mutation: You do not regenerate when monsters are
                  | visible. [potion of mutation]
 38579 | D:8      | Lost mutation: You are partially covered in iridescent
                  | scales. (AC +2) [potion of mutation]
 38579 | D:8      | Lost mutation: Your magical capacity is low. (-10% MP)
                  | [potion of mutation]
 38579 | D:8      | Gained mutation: You sometimes lose your temper in combat.
                  | [potion of mutation]
 38579 | D:8      | Gained mutation: You have a pair of small horns on your
                  | head. [potion of mutation]
 38580 | D:8      | Lost mutation: You sometimes lose your temper in combat.
                  | [potion of mutation]
 38580 | D:8      | Lost mutation: You are clumsy. (Dex -2) [potion of
                  | mutation]
 38580 | D:8      | Lost mutation: You have a pair of small horns on your head.
                  | [potion of mutation]
 38580 | D:8      | Gained mutation: You are agile. (Dex +4, Str/Int -1)
                  | [potion of mutation]
 38580 | D:8      | Gained mutation: Your mind is acute. (Int +4, Str/Dex -1)
                  | [potion of mutation]
 38856 | Spider:4 | Entered Level 4 of the Spider Nest
 39753 | Spider:4 | Reached skill level 15 in Fighting
 40685 | Spider:4 | Noticed Arachne
 40728 | Spider:4 | Reached XP level 19. HP: 117/124 MP: 7/33
 40940 | Spider:4 | Identified a scroll of acquirement
 40964 | Spider:4 | Reached skill level 1 in Evocations
 41111 | Spider:4 | Acquired 529 gold pieces
 41287 | Spider:4 | Killed Arachne
 41535 | Spider:4 | Got a gossamer rune of Zot
 41829 | D:13     | Killed Azrael
 42103 | D:13     | Noticed Rupert
 42111 | D:13     | Killed Rupert
 42858 | D:14     | Found a hide-covered altar of Uskayaw.
 43458 | D:15     | Identified the ring "Ruotoips" {Ice rElec Will+}
 43557 | D:15     | Reached skill level 10 in Armour
 43933 | D:15     | Found a staircase to the Depths.
 45186 | Elf:1    | Entered Level 1 of the Elven Halls
 45653 | Elf:1    | Found an ancient bone altar of Kikubaaqudgha.
 45664 | Elf:1    | Found a runed translucent gate.
 45665 | Elf:1    | Found a runed translucent gate.
 45666 | Elf:1    | Found a runed translucent gate.
 45929 | Elf:1    | Noticed Louise
 45937 | Elf:1    | Killed Louise
 46088 | Elf:1    | Noticed Asterion
 46093 | Elf:1    | Paralysed by an air elemental for 1 turns
 46094 | Elf:1    | Killed Asterion
 46338 | Elf:1    | Got the Information on Meteoric Transmutation
 46927 | Elf:2    | Reached XP level 20. HP: 132/132 MP: 14/34
 47234 | Elf:2    | Found a runed translucent gate.
 47235 | Elf:2    | Found a runed translucent gate.
 47236 | Elf:2    | Found a runed translucent gate.
 48516 | Elf:3    | Entered Level 3 of the Elven Halls
 48523 | Elf:3    | Acquired the +1 kite shield of Yweqaegh {rF+ rC+++ Int+6
                  | Dex-3}
 48717 | Elf:3    | Found Awatz's Antique Weapon Shop.
 49437 | Elf:3    | Found the +3 robe of Clouds {*Thunder rCloud rElec}
 49476 | Elf:3    | Identified the +7 spear of Red Wine {spect, *Noise rC+
                  | Will++}
 49551 | Elf:3    | Got the Cyclopedia of Electricity and Transmogrification
 49578 | Elf:3    | Identified the staff of conjuration "Hootzyiq" {Str+2}
 49592 | Elf:3    | Learned a level 8 spell: Ignition
 49602 | Elf:3    | Identified the staff of poison "Tiecylun" {rPois rC- rN++
                  | rCorr MP+9 SInv}
 49637 | Elf:3    | Identified the +9 quarterstaff of Unbearable Action {heavy,
                  | Fly Dex+3}
 49920 | Elf:3    | Reached skill level 16 in Fire Magic
 50669 | Vaults:1 | Entered Level 1 of the Vaults
 51078 | Vaults:1 | Reached XP level 21. HP: 107/137 MP: 25/36
 51329 | Vaults:1 | Reached skill level 17 in Fire Magic
 51874 | Vaults:1 | Found Awug's Antique Weapon Shop.
 52409 | Vaults:2 | Identified the +1 robe of Romecuell {rElec Str-3 Int+2
                  | SInv}
 52534 | Vaults:2 | Identified the +0 robe of Action {rElec rC++ SInv Stlth+}
 52871 | Vaults:2 | Found a staircase to the Crypt.
 52871 | Vaults:2 | Found a basalt altar of Yredelemnul.
 52871 | Vaults:2 | Found an ancient bone altar of Kikubaaqudgha.
 53055 | Vaults:2 | Reached skill level 18 in Fire Magic
 54503 | Vaults:3 | Reached skill level 19 in Fire Magic
 54701 | Vaults:3 | Reached XP level 22. HP: 107/143 MP: 18/38
 55076 | Vaults:3 | Acquired 1253 gold pieces
 56149 | Vaults:4 | Found a huge runed gate.
 56149 | Vaults:4 | Found a huge runed gate.
 56149 | Vaults:4 | Found a huge runed gate.
 56149 | Vaults:4 | Found a huge runed gate.
 56149 | Vaults:4 | Found a huge runed gate.
 56149 | Vaults:4 | Found a huge runed gate.
 56149 | Vaults:4 | Found a huge runed gate.
 56150 | Vaults:4 | Found a huge runed gate.
 56150 | Vaults:4 | Found a huge runed gate.
 56150 | Vaults:4 | Found a huge runed gate.
 56161 | Vaults:4 | Found a huge runed gate.
 56161 | Vaults:4 | Found a huge runed gate.
 56161 | Vaults:4 | Found a huge runed gate.
 56161 | Vaults:4 | Found a huge runed gate.
 56161 | Vaults:4 | Found a huge runed gate.
 56161 | Vaults:4 | Found a huge runed gate.
 56162 | Vaults:4 | Found a huge runed gate.
 56164 | Vaults:4 | Found a huge runed gate.
 56165 | Vaults:4 | Found a huge runed gate.
 56173 | Vaults:4 | Found a huge runed gate.
 56173 | Vaults:4 | Found a huge runed gate.
 56173 | Vaults:4 | Found a huge runed gate.
 56173 | Vaults:4 | Found a huge runed gate.
 56173 | Vaults:4 | Found a huge runed gate.
 56173 | Vaults:4 | Found a huge runed gate.
 56175 | Vaults:4 | Found a huge runed gate.
 56176 | Vaults:4 | Found a huge runed gate.
 56177 | Vaults:4 | Found a huge runed gate.
 56185 | Vaults:4 | Found a huge runed gate.
 56185 | Vaults:4 | Found a huge runed gate.
 56185 | Vaults:4 | Found a huge runed gate.
 56185 | Vaults:4 | Found a huge runed gate.
 56185 | Vaults:4 | Found a huge runed gate.
 56185 | Vaults:4 | Found a huge runed gate.
 56194 | Vaults:4 | Found a huge runed gate.
 56195 | Vaults:4 | Found a huge runed gate.
 56215 | Vaults:4 | Noticed a dread lich
 56215 | Vaults:4 | Noticed a golden dragon
 56220 | Vaults:4 | Killed a dread lich
 56220 | Vaults:4 | Killed a golden dragon
 56221 | Vaults:4 | Reached skill level 20 in Fire Magic
 57139 | Vaults:4 | Noticed Frederick
 57149 | Vaults:4 | Killed Frederick
 57647 | Vaults:4 | Reached skill level 21 in Fire Magic
 58516 | Vaults:5 | Entered Level 5 of the Vaults
 58520 | Vaults:5 | Reached XP level 23. HP: 148/148 MP: 37/41
 58523 | Vaults:5 | Noticed an ancient lich
 58528 | Vaults:5 | Reached skill level 15 in Conjurations
 58778 | Vaults:5 | Reached skill level 15 in Spellcasting
 58981 | Vaults:5 | Noticed a golden dragon
 58986 | Vaults:5 | Killed an ancient lich
 58989 | Vaults:5 | Killed a golden dragon
 59926 | Vaults:5 | Noticed an ancient lich
 60078 | Vaults:5 | Killed an ancient lich
 60907 | Vaults:5 | Found the +5 Lochaber axe {reach-cleave, Poleaxe Drain}
 61450 | Vaults:5 | Identified the +1 morningstar of Dithmenos's Pride {venom,
                  | Fragile Int+2 Dex+4}
 61450 | Vaults:5 | Identified the +5 scale mail of the Forsaken Knives {rF+
                  | Str+5}
 61810 | Vaults:5 | Identified the staff of cold "Cunoil" {rPois rC+ Will++
                  | Str+3 Int-5}
 62014 | Vaults:5 | Reached XP level 24. HP: 154/154 MP: 22/43
 62503 | Vaults:5 | Got a silver rune of Zot
 62817 | Vaults:5 | Identified the +0 leather armour "Efackow" {Harm Will+
                  | Str-5}
 62831 | Vaults:5 | Identified the +6 arbalest of Frustration {heavy, Int+3
                  | Stlth+}
 63132 | Depths:1 | Entered Level 1 of the Depths
 63709 | Depths:1 | Found Feduoz's General Store.
 63830 | Depths:1 | Found a gateway to Hell.
 64060 | Depths:1 | Noticed a juggernaut
 64073 | Depths:1 | Killed a juggernaut
 64849 | Depths:2 | Found a one-way gateway to a ziggurat.
 65089 | Depths:1 | Bought a book of Dangerous Friends for 600 gold pieces
 65089 | Depths:1 | Bought a book of Transfigurations for 600 gold pieces
 65097 | Depths:1 | Learned a level 7 spell: Orb of Destruction
 65103 | Depths:1 | Bought a brightly glowing copper ring for 115 gold pieces
 65103 | Depths:1 | Identified the ring "Jalaes" {rN++ MP-9 Dex+3 SInv} (You
                  | bought it in a shop on level 1 of the Depths)
 65103 | Depths:1 | Bought a potion of curing for 69 gold pieces
 65103 | Depths:1 | Bought a pitted battleaxe for 264 gold pieces
 65103 | Depths:1 | Identified the +8 battleaxe "Xiuto" {flame, Str+4 Int+3}
                  | (You bought it in a shop on level 1 of the Depths)
 65120 | Depths:1 | Bought a scroll of teleportation for 90 gold pieces
 65120 | Depths:1 | Bought a potion of resistance for 300 gold pieces
 65841 | Depths:2 | Noticed Saint Roka
 66192 | Depths:2 | Killed Saint Roka
 66538 | Depths:2 | Identified the staff of cold "Duluma" {rC+ Str+4 Int+4}
 67039 | Depths:2 | Got the Information on the Doomed Stinger
 67470 | Depths:2 | Found a one-way gate leading to the halls of Pandemonium.
 68089 | Depths:3 | Reached XP level 25. HP: 160/160 MP: 30/45
 68445 | Depths:3 | Reached skill level 15 in Axes
 68624 | Depths:3 | Found the +7 great mace "Firestarter" {flame, immolate,
                  | rFlCloud rF++}
 68745 | Depths:3 | Found a one-way gate to the infinite horrors of the Abyss.
 68888 | Depths:3 | Found a gateway to a bazaar.
 68952 | Bazaar   | Entered a bazaar
 68955 | Bazaar   | Found Qafof's Jewellery Emporium.
 68963 | Bazaar   | Found Zarabiasm's Weapon Shop.
 69010 | Bazaar   | Found Sismaut's Jewellery Shoppe.
 69018 | Bazaar   | Bought the amulet "Ekhij" {Reflect Rampage Will+ Str-4
                  | Int+4 SH+5} for 724 gold pieces
 69030 | Bazaar   | Found Huenez's Jewellery Boutique.
 69045 | Bazaar   | Bought the amulet of the Four Winds {rN+ Will+++ Clar} for
                  | 1031 gold pieces
 69045 | Bazaar   | Found the amulet of the Four Winds {rN+ Will+++ Clar}
 70174 | Depths:4 | Entered Level 4 of the Depths
 72244 | Depths:3 | Upgraded the game from 0.30-a0-1116-gebefce21f7 to
                  | 0.30-a0-1124-g6e8f0f562f
 72254 | Depths:3 | Learned a level 6 spell: Plasma Beam
 72535 | Depths:4 | Found a gate to the Realm of Zot.
 72964 | Depths:4 | Found Big Baal Hell's Store.
 73581 | Depths:4 | Found Aloan's Jewellery Shop.
 73581 | Depths:4 | Found Kugunop's Book Emporium.
 73582 | Depths:4 | Found Jahe's Book Emporium.
 73861 | Depths:4 | Found a hazy altar of Hepliaklqana.
 74127 | Zot:1    | Entered Level 1 of the Realm of Zot
 76038 | Zot:1    | Reached XP level 26. HP: 164/170 MP: 30/46
 78088 | Zot:2    | Noticed Parghit
 78094 | Zot:2    | Killed Parghit
 78726 | Zot:2    | Found a runed translucent door.
 78734 | Zot:2    | Noticed Wysooluir's ghost (veteran OgBe)
 79652 | Zot:1    | Bought a transparent amber ring for 165 gold pieces
 79652 | Zot:1    | Identified the ring "Devegiej" {Wiz rElec Int+4 Stlth+}
                  | (You bought it in a shop on level 1 of the Realm of Zot)
 79652 | Zot:1    | Bought a scroll of enchant armour for 247 gold pieces
 79652 | Zot:1    | Bought a potion of brilliance for 132 gold pieces
 79652 | Zot:1    | Bought a scroll of enchant armour for 247 gold pieces
 79656 | Zot:1    | Upgraded the game from 0.30-a0-1124-g6e8f0f562f to
                  | 0.30-a0-1157-g2cc9ac7196
 81488 | Zot:3    | Noticed an orb of fire
 81501 | Zot:2    | Gained mutation: You are frail. (-10% HP) [an orb of fire]
 81507 | Zot:2    | Gained mutation: Your body sometimes deteriorates upon
                  | taking damage. [an orb of fire]
 81629 | Zot:2    | Killed an orb of fire
 81698 | Zot:2    | Bought a manual of Dodging for 1760 gold pieces
 81788 | Zot:3    | Noticed an orb of fire
 81887 | Zot:3    | Gained mutation: Your magical capacity is low. (-10% MP)
                  | [an orb of fire]
 81891 | Zot:3    | Gained mutation: You are somewhat resistant to further
                  | mutation. [an orb of fire]
 81896 | Zot:3    | Killed an orb of fire
 82400 | Zot:3    | Reached XP level 27. HP: 106/161 MP: 13/42
 82522 | Zot:3    | Identified the ring of the Leaf {MP+9 Str+6 Int-3 Slay+2}
 82697 | Zot:3    | Identified the +9 dire flail of Dullness {heavy, Dex+3}
 84111 | Slime:1  | Entered Level 1 of the Pits of Slime
 84189 | Slime:1  | Lost mutation: You are agile. (Dex +4, Str/Int -1) [a
                  | shining eye]
 84259 | Slime:1  | Reached skill level 10 in Dodging
 86153 | Slime:5  | Entered Level 5 of the Pits of Slime
 86462 | Slime:5  | Noticed the Royal Jelly
 86465 | Slime:5  | Killed the Royal Jelly
 87674 | Slime:5  | Found the brooch of Shielding {Spirit SH+8}
 87678 | Slime:5  | Found the ring of Shadows {Umbra +Inv Stlth+}
 87693 | Slime:5  | Got a slimy rune of Zot
 87694 | Slime:5  | Identified the ring of Bemywnuo {Ice rN+ Int+5}
 87718 | Slime:5  | Got Xyhor's Atlas of Ashes and Hoarfrost
 87765 | Slime:5  | Identified the +1 ring mail "Ocryec Gemm" {rElec Will+
                  | Str-4}
 87788 | Slime:5  | Identified the +1 long sword "Nouzxal" {heavy, *Rage Int+8
                  | Dex+3}
 89512 | Depths:1 | Bought a potion of curing for 126 gold pieces
 89754 | Zig:1    | Entered Level 1 of a ziggurat
 89784 | Zig:2    | Entered Level 2 of a ziggurat
 89891 | Zig:3    | Entered Level 3 of a ziggurat
 89911 | Zig:3    | Identified the staff of poison "Hoboatustrat" {rPois rCorr
                  | Int+5}
 89921 | Zig:4    | Entered Level 4 of a ziggurat
 90041 | Zig:5    | Entered Level 5 of a ziggurat
 90099 | Zig:6    | Entered Level 6 of a ziggurat
 90219 | Zig:6    | Identified the +0 kite shield of Irinnu {rC- Int+6}
 90325 | Zig:7    | Entered Level 7 of a ziggurat
 90496 | Zig:7    | Identified the ring of Satisfaction {Fire rN+ rCorr Int+2
                  | SInv}
 90504 | Zig:7    | Identified the +5 scimitar of Fear {freeze, rCorr SInv}
 90615 | Zig:8    | Entered Level 8 of a ziggurat
 90636 | Zig:9    | Entered Level 9 of a ziggurat
 91070 | Zig:9    | Identified the ring of Eternal Harmony {rElec Str-4 Int+3
                  | Dex+6 SInv}
 91124 | Zig:10   | Entered Level 10 of a ziggurat
 91143 | Zig:10   | Identified the +1 falchion of Henupey {pain, Fly rN+
                  | Stlth+}
 91571 | Hell     | Entered the Vestibule of Hell
 91571 | Hell     | Noticed Geryon
 93046 | Hell     | Killed Geryon
 93207 | Hell     | Reached skill level 22 in Fire Magic
 93476 | Hell     | Found a gateway to the freezing wastes of Cocytus.
 93701 | Hell     | Found a gateway to the Iron City of Dis.
 93871 | Hell     | Found a gateway to the ashen valley of Gehenna.
 93956 | Hell     | Found a gateway to the decaying netherworld of Tartarus.
 94135 | Coc:1    | Entered Level 1 of Cocytus
 94937 | Hell     | Lost mutation: Your magical capacity is low. (-10% MP)
                  | [potion of mutation]
 94937 | Hell     | Lost mutation: You are somewhat resistant to further
                  | mutation. [potion of mutation]
 94937 | Hell     | Gained mutation: You occasionally shout uncontrollably at
                  | your foes. [potion of mutation]
 94938 | Hell     | Lost mutation: You occasionally shout uncontrollably at
                  | your foes. [potion of mutation]
 94938 | Hell     | Lost mutation: Your mind is acute. (Int +4, Str/Dex -1)
                  | [potion of mutation]
 94938 | Hell     | Lost mutation: Your spells are a little harder to cast, but
                  | a little more powerful. [potion of mutation]
 94938 | Hell     | Gained mutation: Your mind is acute. (Int +4, Str/Dex -1)
                  | [potion of mutation]
 94938 | Hell     | Gained mutation: You are clumsy. (Dex -2) [potion of
                  | mutation]
 94941 | Hell     | Lost mutation: You are frail. (-10% HP) [potion of
                  | mutation]
 94941 | Hell     | Lost mutation: Your body sometimes deteriorates upon taking
                  | damage. [potion of mutation]
 94941 | Hell     | Gained mutation: You are strong-willed. (Will+) [potion of
                  | mutation]
 94941 | Hell     | Lost mutation: You are strong-willed. (Will+) [potion of
                  | mutation]
 94941 | Hell     | Gained mutation: You have hidden genetic potential. [potion
                  | of mutation]
 95487 | Coc:2    | Paralysed by a wendigo for 1 turns
 95490 | Coc:2    | Noticed a dread lich
 96150 | Coc:2    | Killed a dread lich
 96738 | Coc:3    | Reached skill level 5 in Evocations
 98457 | Coc:5    | Paralysed by a wendigo for 1 turns
 98483 | Coc:5    | Paralysed by a wendigo for 1 turns
 98866 | Coc:6    | Noticed an ancient lich
 98876 | Hell     | Killed an ancient lich
 99118 | Geh:1    | Entered Level 1 of Gehenna
 99161 | Geh:1    | HP: 8/166 [searing wretch (7)]
 99162 | Geh:1    | Mangled by a searing wretch

Illustrated notes

Levels and vault maps discovered:
D:1:      dpeg_arrival_castle, layout_rooms, serial_shops, nicolae_square_shop,
          hellmonk_ecumenical_altar_zigzags
D:2:      layout_basic
D:3:      layout_loops_ring, lemuel_zombie_altar_kikubaaqudgha, zin_statuary,
          kennysheep_orc_chapel, uniq_sigmund
D:4:      layout_basic
D:5:      layout_basic, makhleb_altar_promises_db, amcnicky_altar_gilded,
          nicolae_tso_carved_into_rock, marbit_many_paths, temple_pool_b,
          biasface_ghost_orc_armoury
D:6:      layout_basic, chequers_serial_rivers_large_b
D:7:      layout_basic, grunt_dithmenos_shadows, minmay_nine_imps
D:8:      layout_loops_ring, mainiacjoe_overflow_tiny_flanked,
          general_overflow_altar, ashenzari_altar_1, serial_shops,
          nicolae_shop_industrial_runoff, minmay_manual_mares
D:9:      layout_loops_ring, elyvilon_altar_4, lemuel_crystal_altar,
          erik_lair_island, minmay_orc_entry_guard_dogs
D:10:     gammafunk_sealed_arena, layout_irregular_city, grunt_ministairs_12,
          corexii_leaking_fountain
D:11:     minmay_distorted_concentric_squares, layout_loops_cross,
          uniq_nergalle, uniq_sonja
D:12:     layout_irregular_city, portal_ice_cave_entry_pillars_2,
          nicolae_trove_entry_crystal, nzn_life_drinkers
D:13:     layout_stronghold, nicolae_shop_overcharged_wands, uniq_azrael,
          uniq_rupert
D:14:     layout_basic, david_vaults_3, serial_bayou, serial_bayou_shore_a,
          serial_bayou_shore_b, serial_bayou_ford_a, serial_bayou_lagoon_a,
          special_room [special_room_orc], eat_drink_and_be_merry_uskayaw
D:15:     gammafunk_depths_entry_grave, layout_basic, minmay_door_square,
          minmay_checkered_concentric_circles
Lair:1:   layout_gridlike, grunt_megastairs_5
Lair:2:   layout_gridlike, chequers_serial_rivers_micro_e,
          hellmonk_guarded_unrand_seven_league_boots
Lair:3:   layout_misc_corridors, skrybe_swamp_entry_bodies,
          nicolae_spider_entry_non_spiders, serial_forest,
          infiniplex_forest_straight_4, infiniplex_forest_clump_large,
          infiniplex_forest_clump_double, infiniplex_forest_clump_small,
          infiniplex_forest_straight_5, ebering_ghost_rock_garden
Lair:4:   layout_regular_city, roderic_carrion_pond, grunt_megastairs_1,
          lemuel_fruit_tree, uniq_josephine
Lair:5:   due_jungle_book, layout_regular_city, dpeg_slime_entry_enclosed,
          st_stairs_4
Swamp:1:  layout_basic_swamp, serial_swamp_ruin, evilmike_swamp_ruin_house_6,
          hangedman_swamp_ruin_wall, evilmike_swamp_ruin_house_1, uniq_frances
Swamp:2:  layout_falls_marsh, evilmike_swamp_ruin_rubble_1,
          nzn_swamp_stair_ambush, infiniplex_staircase_pool
Swamp:3:  layout_basic_swamp, nicolae_swamp_tree_isthmus, uniq_donald
Swamp:4:  grunt_swamp_rune_castle, layout_basic_swamp, swamp_pool1,
          nicolae_swamp_bunyip_nook
Spider:1: layout_spider_delve, uniq_mlioglotl
Spider:2: layout_cave_pods, uniq_roxanne
Spider:3: layout_spider_delve
Spider:4: johnstein_spider_rune_arachne_lair, uniq_arachne
Slime:1:  layout_caves, nicolae_slime_barrier,
          cheibrodos_slime_lost_civilization_5
Slime:2:  layout_caves
Slime:3:  layout_caves
Slime:4:  layout_caves
Slime:5
Orc:1:    layout_caves, basic_altar
Orc:2:    st_orc_town, layout_caves, serial_shops, shop,
          statue_in_the_mist_lemuel, nicolae_orc_lava_room
Elf:1:    layout_geoelf_octagon, basic_altar, evilmike_minifort,
          nicolae_gammafunk_elf_defective_weapons_storage, uniq_louise,
          uniq_asterion
Elf:2:    elven_hall_of_blades_hangedman_original
          [nicolae_blade_entry_diamond_columns], layout_loops_cross
Elf:3:    elf_hall_gauntlet_narrow, layout_geoelf_octagon, serial_shops,
          nicolae_lakefront_shop, serial_sigils_hangedman_clutch, drop_trap,
          st_stairs_4, hangedman_elf_targetted_burst
Vaults:1: ontoclasm_vaults_misaligned, ontoclasm_vaults_ring_square,
          ontoclasm_vaults_twist, vaults_room_grunt_arrival_checkpoint,
          v_misc_4, v_rooms_5, grunt_vaults_hallway_long,
          hangedman_vaults_snaps, ontoclasm_vaults_spin, v_rooms_3,
          layout_vaults_ring, serial_shops, shop
Vaults:2: minmay_crypt_entry_necro_gods, ontoclasm_vaults_tryst,
          hangedman_vaults_pinch, v_alt_pattern_4, nicolae_vaults_alarming,
          hangedman_vaults_nodes, hangedman_vaults_maws,
          dpeg_vaults_monster_row, layout_vaults_maze_snakey
Vaults:3: vaults_dpeg_cross, ontoclasm_vaults_shuriken,
          vaults_mumra_chevron_long, v_misc_24,
          nicolae_vaults_diagonal_hallway_9, hangedman_vaults_corner_blocks,
          v_pattern_5, vaults_mumra_hex, nicolae_vaults_display_case, v_misc_27,
          layout_vaults_omnigrid
Vaults:4: hangedman_vaults_slither, nicolae_vaults_diagonal_hallway_7,
          door_vault, v_misc_30, hangedman_vaults_restitches,
          vaults_room_corners, layout_vaults_big_cross, uniq_frederick
Vaults:5
Depths:1: layout_cave_pools, serial_shops, shop, pf_vacation_house_of_asmodeus,
          kennysheep_path_1, minmay_the_grid_2x2 [minmay_the_grid_mess,
          minmay_the_grid_empty, minmay_the_grid_paths,
          minmay_the_grid_prize_four_corners], kennysheep_random_hallway
Depths:2: minmay_eyes, layout_gridlike, enter_ziggurat_f,
          grunt_pan_entry_sceptre, minmay_misc_feat_columns,
          grunt_mini_vestibule, uniq_saint_roka
Depths:3: minmay_firetagon, layout_gridlike, serial_shops, bzr_entry_safe,
          abyss_entry, dk_noncrumbling_4, hell_entry, minmay_misc_feat_doors
Depths:4: grunt_zot_entry_alcove, layout_cave_pools,
          nicolae_hell_entry_big_baal_hell, nicolae_hepliaklqana_hippocampus,
          minmay_shop_grove
Hell
Geh:1:    layout_gehenna_lava_caves
Coc:1:    layout_cocytus_water_paths
Coc:2:    layout_cocytus_water_paths
Coc:3:    layout_cocytus_delve
Coc:4:    nicolae_coc_naught_crossing, layout_ice_bergs
Coc:5:    layout_cocytus_delve
Coc:6:    layout_cocytus_water_paths
Zot:1:    grunt_deathspiral_small, layout_concentric_octagons
Zot:2:    layout_onion_interference, hellmonk_ghost_big_iron, zot_minivault_4,
          uniq_parghit
Zot:3:    layout_twisted_circle, grunt_ministairs_1, st_small_dragon_hoard_1

Skill      XL: |  1  2  3  4  5  6  7  8  9 10 11 12 13 14 15 16 17 18 19 20 21 22 23 24 25 26 27 |
---------------+----------------------------------------------------------------------------------+-----
Dodging        | 2 3 4 5 6 7 8 9 13 | 13.8
Conjurations   | 2 3 4 5 6 7 8 9 10 11 12 13 14 17 19 20 | 20.8
Stealth        | 3 4 |  4.3
Spellcasting   | 3 4 5 6 7 8 9 10 11 12 14 16 18 19 20 21 | 21.1
Fire Magic     | 4 5 6 7 9 10 11 13 14 15 16 19 21 22 | 22.1
Fighting       | 1 3 4 5 7 8 9 11 12 14 15 16 18 20 | 20.9
Armour         | 1 3 4 5 7 8 9 10 11 13 | 13.1
Shields        | 1 6 11 12 13 | 13.4
Axes           | 8 10 11 14 16 17 | 17.3
Earth Magic    | 5 6 8 9 |  9.9
Evocations     | 2 9 |  9.9

Action                     |  1- 3 |  4- 6 |  7- 9 | 10-12 | 13-15 | 16-18 | 19-21 | 22-24 | 25-27 || total
---------------------------+-------+-------+-------+-------+-------+-------+-------+-------+-------++-------
  Melee: Staff             |     3 |     9 |    13 |    62 |   176 |   296 |   300 |   156 |   143 ||  1158
         Short sword       |       |       |    94 |       |       |       |       |       |       ||    94
         Kick              |       |       |       |    18 |    26 |       |       |       |       ||    44
         Punch             |       |       |       |     1 |       |       |       |       |       ||     1
         Executioner's axe |       |       |       |       |    16 |       |   142 |   267 |   346 ||   771
         Great mace        |       |       |       |       |       |       |       |       |    16 ||    16
         Battleaxe         |       |       |       |       |       |       |       |       |   144 ||   144
   Cast: Foxfire           |    60 |    58 |    27 |    81 |    23 |    85 |    15 |    17 |       ||   366
         Scorch            |       |    16 |   121 |   403 |   179 |   248 |   135 |   115 |     2 ||  1219
         Flame Wave        |       |       |     2 |    11 |    20 |    78 |    25 |     2 |       ||   138
         Fireball          |       |       |       |       |       |    24 |    20 |     1 |    27 ||    72
         Volatile Blastmot |       |       |       |       |       |     3 |     1 |       |       ||     4
         Starburst         |       |       |       |       |       |     3 |    89 |   139 |   362 ||   593
         Ignition          |       |       |       |       |       |       |       |    61 |   124 ||   185
         Orb of Destructio |       |       |       |       |       |       |       |     3 |    88 ||    91
         Plasma Beam       |       |       |       |       |       |       |       |       |     4 ||     4
 Invoke: Bribe Branch      |       |       |       |       |       |       |       |     1 |       ||     1
         Call Merchant     |       |       |       |       |       |       |       |     7 |     2 ||     9
  Evoke: Wand              |       |       |       |     1 |     4 |     1 |     3 |     1 |     1 ||    11
    Use: Scroll            |       |     3 |     8 |     7 |    15 |     7 |     3 |     9 |    16 ||    68
         Potion            |       |     2 |     8 |     9 |     6 |    11 |     8 |     7 |    15 ||    66
   Stab: Distracted        |       |       |       |     1 |     2 |     2 |     1 |     5 |     4 ||    15
         Sleeping          |       |       |       |       |     5 |       |       |       |       ||     5
         Paralysed         |       |       |       |       |       |       |     3 |       |       ||     3
 Armour: Robe              |    17 |    11 |    74 |   166 |       |       |       |       |       ||   268
         Skin              |       |     1 |       |       |       |       |       |       |       ||     1
         Leather armour    |       |       |       |    10 |   213 |   410 |   387 |   365 |   590 ||  1975
         Gold dragon scale |       |       |       |       |       |       |       |       |   272 ||   272
  Dodge: Dodged            |    24 |    31 |   135 |   437 |   354 |   536 |   413 |   312 |   517 ||  2759
  Block: Buckler           |       |       |       |       |    91 |    24 |       |       |       ||   115
         Kite shield       |       |       |       |       |       |   422 |   435 |   209 |   308 ||  1374
         Reflection        |       |       |       |       |       |     5 |    16 |       |    14 ||    35
         Other             |       |       |       |       |       |       |       |       |   124 ||   124

Table legend: (Time is in decaauts)
 A = Elapsed time spent in this place.
 B = Non-inter-level travel time spent in this place.
 C = Inter-level travel time spent in this place.
 D = Time resting spent in this place.
 E = Time spent auto-exploring this place.
 F = Levels seen in this place.
 G = Mean time per level.
                   A        B        C        D        E       F      G
               +--------+--------+--------+--------+--------+-----+--------+
         Total |  99845 |  91974 |   7871 |  38640 |  31858 |  70 | 1426.4 |
       Dungeon |  20406 |  18422 |   1984 |   5328 |   9179 |  15 | 1360.4 |
          Lair |   7058 |   5738 |   1320 |    510 |   3984 |   5 | 1411.6 |
         Swamp |   5059 |   4853 |    206 |   1742 |   1940 |   4 | 1264.8 |
   Spider Nest |   7729 |   7046 |    683 |   2438 |   2485 |   4 | 1932.2 |
    Slime Pits |   5109 |   4554 |    555 |   2149 |   1390 |   5 | 1021.8 |
  Orcish Mines |   5910 |   5321 |    589 |   3049 |    512 |   2 | 2955.0 |
   Elven Halls |   5361 |   4980 |    381 |   1664 |   1895 |   3 | 1787.0 |
        Vaults |  12488 |  11947 |    541 |   5457 |   3784 |   5 | 2497.6 |
        Depths |  13375 |  12679 |    696 |   7042 |   3221 |   4 | 3343.8 |
          Hell |   2874 |   2761 |    113 |   1936 |    445 |   1 | 2874.0 |
       Gehenna |     44 |     44 |      0 |      0 |      0 |   1 |   44.0 |
       Cocytus |   3075 |   2985 |     90 |   1665 |    691 |   6 |  512.5 |
           Zot |   9302 |   8593 |    709 |   4638 |   2061 |   3 | 3100.7 |
      Ziggurat |   1391 |   1391 |      0 |    897 |     78 |  10 |  139.1 |
        Bazaar |    125 |    125 |      0 |      0 |     32 |   1 |  125.0 |
      Ice Cave |    533 |    533 |      0 |    123 |    160 |   1 |  533.0 |
               +--------+--------+--------+--------+--------+-----+--------+

Top non-repeatable levels by time:
Depths:2: 4874 daAuts
   Zot:1: 4855 daAuts
Vaults:4: 4535 daAuts
Depths:3: 4264 daAuts
   Orc:2: 3154 daAuts
    Hell: 2874 daAuts
Spider:3: 2787 daAuts
   Orc:1: 2755 daAuts
   Zot:2: 2666 daAuts
Vaults:5: 2494 daAuts
  Lair:5: 2430 daAuts
    D:15: 2239 daAuts
     D:9: 2235 daAuts
Depths:4: 2230 daAuts
Vaults:3: 2152 daAuts
